Map: 16-Bit LE

Players

MaSa

  • Race: Terran Terran
  • Spawn Location: 7:00

lucifron - Winner!

  • Race: Terran Terran
  • Spawn Location: 1:00

Event: WCS Valencia 2018

VOD

Have the link to the VOD?

Description

Time

  • Played on: July 12, 2018, 7:55 a.m.
  • Length: 9:47

All games in this series

Show
View Real Time Build Order
Export as new Build Order

MaSa Terran 

Build Orders:  

Get SALT Encoding   

  12  0:00  SCV  
  13  0:13  Supply Depot  
  13  0:18  SCV  
  14  0:35  Barracks  
  14  0:41  Refinery  
  14  0:56  Barracks  
  14  1:00  SCV  
  15  1:16  SCV  
  16  1:23  Reaper, Refinery  
  17  1:39  Orbital Command  
  16  1:55  Reaper  
  17  2:03  Reaper  
  17  2:06  SCV  
  19  2:27  Factory, Reaper  
  19  2:29  SCV  
  20  2:41  SCV  
  21  2:45  Reaper  
  22  2:51  Supply Depot  
  22  2:53  SCV  
  23  3:13  Cyclone, SCV  
  23  3:18  Supply Depot  
  27  3:25  SCV  
  28  3:29  Starport  
  28  3:37  SCV  
  29  3:47  Cyclone  
  32  3:49  SCV  
  33  4:01  SCV  
  33  4:07  Command Center  
  33  4:12  Medivac  
  33  4:14  SCV  
  36  4:24  Refinery  
  36  4:26  SCV  
  37  4:41  Command Center  
  37  4:45  Supply Depot, Starport Tech Lab  
  37  4:49  SCV  
  37  4:51  Barracks Reactor  
  38  5:02  SCV  
  38  5:06  Cyclone  
  40  5:14  SCV  
  39  5:26  SCV  
  34  5:36  SCV  
  32  5:46  Orbital Command  
  31  5:51  SCV  
  31  6:02  Raven  
  31  6:04  SCV  
  33  6:12  Marine  
  33  6:14  Marine  
  33  6:16  SCV x2  
  37  6:25  Factory Tech Lab  
  37  6:28  SCV x2  
  40  6:39  Engineering Bay  
  39  6:40  SCV x2  
  39  6:45  Engineering Bay  
  41  6:55  Siege Tank  
  41  6:56  SCV  
  41  6:57  SCV  
  46  7:01  Orbital Command  
  46  7:07  Viking  
  48  7:10  SCV x2  
  50  7:16  Viking  
  50  7:22  SCV x2  
  54  7:24  Terran Infantry Armor Level 1  
  54  7:28  Terran Infantry Weapons Level 1  
  54  7:29  SCV  
  55  7:34  SCV, Orbital Command  
  55  7:35  SCV  
  55  7:37  Marine  
  57  7:43  Viking  
  60  7:46  Viking  
  60  7:47  SCV  
  60  7:48  SCV  
  64  7:58  Refinery  
  64  7:59  SCV  
  64  8:00  SCV  
  64  8:01  SCV  
  64  8:02  Supply Depot  
  67  8:06  Marine  
  67  8:08  Siege Tank  
  67  8:11  SCV  
  67  8:12  SCV  
  70  8:13  SCV  
  71  8:23  SCV  
  71  8:24  SCV  
  71  8:25  SCV  
  71  8:26  Marine, Sensor Tower  
  75  8:30  Barracks  
  75  8:35  SCV  
  75  8:36  SCV  
  75  8:37  SCV, Barracks  
  75  8:41  Medivac  
  80  8:44  Marine  
  80  8:46  Supply Depot, Medivac  
  80  8:47  SCV  
  84  8:49  SCV  
  85  8:56  Armory  
  85  8:58  Refinery  
  85  9:01  Refinery  
  85  9:04  Supply Depot  
  85  9:06  Supply Depot  
  85  9:08  SCV x3  
  85  9:09  Marine  
  89  9:11  Supply Depot  
  89  9:12  Medivac  
  89  9:16  Medivac  
  93  9:22  Barracks Reactor  
  93  9:23  Barracks Reactor  
  93  9:26  SCV x3  
  93  9:27  Marine  
  93  9:30  Supply Depot  
  103  9:39  Supply Depot  
Show
View Real Time Build Order
Export as new Build Order

lucifron Terran - Winner!

Build Orders: MMM Bio 

Get SALT Encoding   

  12  0:00  SCV  
  13  0:12  SCV  
  14  0:17  Supply Depot  
  14  0:24  SCV  
  15  0:30  Refinery  
  15  0:39  SCV  
  16  0:45  Barracks  
  16  0:51  SCV  
  17  1:03  SCV  
  18  1:15  Barracks  
  18  1:31  Orbital Command  
  19  1:32  Reaper  
  19  1:40  Refinery  
  19  1:49  Factory  
  19  1:59  SCV  
  20  2:03  Supply Depot  
  20  2:07  Reaper  
  21  2:12  SCV  
  22  2:24  SCV  
  23  2:36  SCV  
  24  2:39  Reaper  
  25  2:48  SCV  
  28  2:51  Hellion  
  28  2:57  Command Center  
  28  3:01  Supply Depot  
  28  3:04  SCV  
  29  3:11  Reaper  
  30  3:16  SCV  
  31  3:23  Cyclone  
  34  3:28  SCV  
  35  3:44  SCV  
  35  3:45  Command Center  
  36  3:56  Cyclone, SCV  
  39  4:08  SCV  
  39  4:09  Orbital Command  
  39  4:16  Starport  
  39  4:20  SCV  
  40  4:28  Cyclone  
  43  4:33  SCV  
  43  4:35  SCV  
  45  4:41  Barracks Tech Lab  
  45  4:45  SCV, Engineering Bay  
  46  4:46  Engineering Bay  
  46  4:47  SCV  
  47  4:53  Starport Tech Lab  
  47  4:57  SCV, Orbital Command  
  47  4:59  SCV  
  49  5:02  Stimpack, Marine  
  50  5:09  SCV  
  50  5:11  SCV  
  51  5:19  Cyclone  
  49  5:21  SCV  
  49  5:23  SCV  
  48  5:28  SCV  
  48  5:33  SCV, Terran Infantry Weapons Level 1, Terran Infantry Armor Level 1  
  48  5:35  Marine  
  50  5:36  SCV  
  50  5:42  SCV  
  49  5:45  SCV  
  48  5:50  SCV, Barracks  
  47  5:59  Starport Reactor  
  47  6:05  SCV x2, Barracks  
  47  6:08  SCV  
  50  6:14  Refinery  
  50  6:15  Refinery  
  50  6:16  Marine  
  50  6:17  SCV  
  50  6:18  Siege Tank  
  55  6:20  SCV  
  55  6:25  Orbital Command  
  53  6:29  SCV  
  53  6:32  SCV  
  55  6:34  Marine  
  56  6:41  SCV  
  56  6:44  SCV  
  58  6:49  Starport Reactor  
  58  6:51  Supply Depot, Marine x2  
  58  6:52  Siege Tank  
  58  6:53  SCV  
  64  6:54  SCV  
  64  6:56  SCV  
  64  6:57  Supply Depot  
  64  6:58  Armory  
  64  7:05  SCV  
  64  7:06  SCV  
  64  7:08  Barracks Reactor, SCV  
  66  7:13  Combat Shields, Marine x3  
  70  7:17  SCV  
  70  7:18  SCV  
  70  7:20  SCV  
  70  7:21  Barracks  
  73  7:23  Barracks  
  73  7:29  SCV  
  74  7:30  SCV, Marine  
  74  7:31  Marine x2  
  74  7:33  SCV  
  78  7:40  Medivac x2  
  78  7:41  SCV  
  78  7:42  SCV  
  84  7:45  SCV  
  84  7:46  Supply Depot  
  84  7:47  Supply Depot  
  85  8:02  Supply Depot  
  85  8:05  Refinery  
  85  8:06  Supply Depot  
  85  8:07  SCV x3, Refinery  
  85  8:08  Barracks Reactor  
  85  8:09  Barracks Reactor  
  88  8:15  Marine x3  
  88  8:16  Marine  
  94  8:20  SCV x2  
  94  8:22  Supply Depot  
  94  8:23  SCV  
  94  8:26  Marine  
  96  8:29  Supply Depot  
  96  8:32  SCV  
  96  8:33  Marine x2, Siege Tank  
  102  8:35  SCV x2  
  102  8:38  Medivac  
  102  8:39  Medivac  
  108  8:44  Supply Depot  
  108  8:45  Marine x3  
  108  8:47  Marine x3  
  113  8:49  SCV  
  113  8:54  Supply Depot, Marine x3  
  117  9:00  SCV x2  
  117  9:01  Supply Depot, SCV  
  117  9:02  Marine  
  120  9:03  Marine  
  120  9:08  Siege Tank  
  125  9:12  Marine x2  
  125  9:15  Medivac x2  
  130  9:18  SCV x2  
  130  9:19  Supply Depot, SCV  
  130  9:21  Marine  
  130  9:22  Marine x3  
  130  9:23  Marine x3  
  139  9:31  Factory  
Tags
 
Composition
MMM Bio
Matchup
TvT
Race
Terran
Spawn Locations
Cross Positions
Add a new tag
Caveats
  • Supply blocks, unpowered buildings, or Contaminate may cause inaccurate times.
  • Supply counts are checked every 10 seconds.